 Dungeon Crawl Stone Soup version 0.31.0-32-g396128a36d (webtiles) character file.

Game seed: 6593667419258433961

23443 gohu the Severer (level 12, 0/113 HPs)
             Began as a Minotaur Fighter on Apr 1, 2024.
             Was a High Priest of Okawaru.
             Slain by a meliai
             ... wielding a +1 heavy war axe
              (2 damage)
             ... on level 2 of the Lair of Beasts.
             The game lasted 00:30:25 (15908 turns).

gohu the Severer (Minotaur Fighter)                Turns: 15908, Time: 00:30:26

Health: 0/113      AC: 24    Str: 23 (26) XL:     12   Next: 71%
Magic:  0/15       EV:  8    Int:  3 (5)  God:    Okawaru [*****.]
Gold:   723        SH:  5    Dex:  7 (10) Spells: 11/11 levels left

rFire   . . .        a - +0 war axe
rCold   . . .        c - +0 buckler
rNeg    + . .        J - +0 plate armour
rPois   .            (helmet restricted)
rElec   .            I - +1 cloak
rCorr   .            X - +0 pair of gloves
SInv    .            N - +0 pair of boots
Will    +....        u - amulet of guardian spirit Stlth
                     O - ring of willpower
HPRegen 0.38/turn    C - ring of positive energy
MPRegen 0.14/turn

%: guardian spirit
@: heroic, attractive
A: horns 2, retaliatory headbutt
a: Renounce Religion, Heroism, Finesse, Duel


You were on level 2 of the Lair of Beasts.
You worshipped Okawaru.
Okawaru was extremely pleased with you.
You visited 3 branches of the dungeon, and saw 16 of its levels.
You also visited: Ossuary.

You collected 940 gold pieces.
You spent 217 gold pieces at shops.

Inventory:

Hand Weapons
 a - a +0 war axe (weapon)
 b - a +0 morningstar
 p - the +5 woodcutter's axe
   (You found it on level 3 of the Dungeon)
Missiles
 q - 14 boomerangs (quivered)
 v - a throwing net
 P - 3 javelins
 V - 3 silver javelins
Armour
 c - a +0 buckler (worn)
 I - a +1 cloak (worn)
 J - a +0 plate armour (worn)
 N - a +0 pair of boots (worn)
 X - a +0 pair of gloves (worn)
Jewellery
 u - an amulet of guardian spirit (around neck)
 C - a ring of positive energy (right hand)
 O - a ring of willpower (left hand)
 R - a ring of flight
 U - an amulet of magic regeneration
 Z - a ring of willpower
Wands
 t - a wand of light (5)
 G - a wand of iceblast (5)
 H - a wand of paralysis (13)
 K - a wand of flame (29)
 M - a wand of digging (7)
Scrolls
 f - 2 scrolls of poison {unknown}
 g - 3 scrolls of revelation
 i - 3 scrolls of amnesia {unknown}
 j - 2 scrolls of fog {unknown}
 o - 2 scrolls of torment {unknown}
 w - 2 scrolls of blinking {unknown}
 y - 4 scrolls of teleportation {unknown}
 A - 2 scrolls of immolation {unknown}
 B - a scroll of acquirement {unknown}
 D - 2 scrolls of noise {unknown}
 F - a scroll of enchant armour {unknown}
 W - 2 scrolls of enchant weapon {unknown}
Potions
 d - a potion of resistance
 e - a potion of magic
 h - 3 potions of degeneration
 k - 6 potions of curing
 l - a potion of brilliance
 n - 2 potions of heal wounds {unknown}
 r - 3 potions of cancellation {unknown}
 x - 3 potions of haste {unknown}
 z - 3 potions of attraction
 L - a potion of might
 Q - 2 potions of enlightenment
 S - a potion of invisibility
 T - a potion of lignification
 Y - a potion of berserk rage


   Skills:
 + Level 12.6(17.6) Fighting
 * Level 15.7(20.7) Axes
 + Level 6.5(11.5) Throwing
 + Level 12.4(17.4) Armour
 - Level 5.0(10.0) Shields
 + Level 6.4 Invocations


You had 11 spell levels left.
You didn't know any spells.
Your spell library contained the following spells:

 Spells                   Type           Power      Damage    Failure   Level
 Dazzling Flash           Conj/Hex       0%         N/A       100%        3
 Fugue of the Fallen      Necr           0%         N/A       100%        3
 Ozocubu's Armour         Ice            0%         N/A       100%        3
 Volatile Blastmotes      Fire/Tloc      0%         2d10      100%        3
 Manifold Assault         Tloc           0%         N/A       100%        4
 Vhi's Electric Charge    Tloc/Air       0%         N/A       100%        4
 Arcjolt                  Conj/Air       0%         1d10      100%        5
 Borgnjor's Vile Clutch   Necr/Erth      0%         N/A       100%        5
 Conjure Ball Lightning   Conj/Air       0%         3x3d6     100%        6
 Plasma Beam              Fire/Air       0%         2x1d10    100%        6
 Starburst                Conj/Fire      0%         6d3       100%        6
 Discord                  Hex            0%         N/A       100%        8
 Disjunction              Tloc           0%         N/A       100%        8
 Maxwell's Capacitive Co  Air            0%         ∞         100%        8
 Animate Dead             Necr           Unusable   N/A       N/A         4
 Death Channel            Necr           Unusable   N/A       N/A         6

Dungeon Overview and Level Annotations

Branches:
Dungeon (13/15)            Temple (1/1) D:6            Lair (2/5) D:9
    Orc (0/2) D:11        Ossuary (visited)
  Swamp: Lair:2-3    Shoals: Lair:2-3     Snake: Lair:2-3    Spider: Lair:2-3
 Vaults: D:13-14

Altars:
Ashenzari
Cheibriados
Dithmenos
Elyvilon
Fedhas
Gozag
Hepliaklqana
Kikubaaqudgha
Makhleb
Nemelex Xobeh
Okawaru
Qazlal
Ru
Sif Muna
Trog
Uskayaw
Vehumet
Wu Jian
Xom
Yredelemnul
Zin
The Shining One

Shops:
D:7 [   D:10 (   D:12 :   D:13 [

Annotations:
D:11 2 transporters, Picsou's ghost, journeyman MiFi
Lair:1 exclusion: 2 oklob plants


Innate Abilities, Weirdness & Mutations

You have a pair of horns on your head.
You reflexively headbutt those who attack you in melee.


Message History

* * * LOW HITPOINT WARNING * * *
The meliai hits you with a +1 heavy war axe!
* * * LOW HITPOINT WARNING * * *
The meliai stings you but does no damage.
Okay, then.
Okay, then.
You feel better. The meliai barely misses you. You block the meliai's attack.
You hit the meliai but do no damage. Your headbutt misses the meliai.
The meliai is moderately wounded.
You hit the boulder beetle. You block the meliai's attack.
The meliai stings you but does no damage.
You closely miss the meliai.
The meliai is moderately wounded.
You hit the boulder beetle. The meliai barely misses you.
The meliai closely misses you. The boulder beetle bites you.
* * * LOW HITPOINT WARNING * * *
You feel better. The meliai hits you but does no damage.
You block the meliai's attack. The boulder beetle bites you.
* * * LOW HITPOINT WARNING * * *
The meliai hits you with a +1 heavy war axe!
* * * LOW HITPOINT WARNING * * *
You block the meliai's attack.
You closely miss the meliai.
The meliai is moderately wounded.
You hit the boulder beetle.
The boulder beetle waves its antennae.
The boulder beetle bites you but does no damage.
The meliai hits you with a +1 heavy war axe!
* * * LOW HITPOINT WARNING * * *
The meliai stings you but does no damage.
It was a potion of degeneration.
There was something very wrong with that liquid.
You feel weakened.
You feel dopey.
You feel clumsy. The meliai hits you but does no damage.
The meliai stings you but does no damage.
You block the boulder beetle's attack.
It was a potion of attraction.
You feel attractive to monsters.
The meliai hits you with a +1 heavy war axe.
You die...

## # ###
###P##.#P.#
#.....#...##
........<..####
.......>†...P..
......B@.......
........y.....#
.............#.
#............#.
#...........#..
..##...P...###.
. .....#..##..
##..#.#..# #.


You could see a boulder beetle and a meliai.

Vanquished Creatures
  A boulder beetle (D:13)
  3 two-headed ogres
  An ugly thing (D:13)
  A deep elf pyromancer (D:12)
  A cyclops (D:12)
  2 manticores
  Maurice (D:8)
  3 gargoyles
  6 cane toads (Lair:1)
  A yaktaur (D:13)
  Jeremiah (D:7)
  A rime drake (Lair:1)
  A komodo dragon (D:10)
  Maggie (D:8)
  A kobold demonologist (D:12)
  Psyche (D:8)
  4 trolls
  Prince Ribbit (D:5)
  4 blink frogs (Lair:1)
  7 dream sheep (Lair:1)
  3 wraiths
  Sigmund (D:5)
  2 shadows
  3 wyverns
  25 yaks
  A steam dragon (D:9)
  Eustachio (D:6)
  A basilisk (Lair:1)
  6 vampire mosquitoes
  Edmund (D:5)
  2 water moccasins (Lair:1)
  5 orc warriors
  3 ice beasts
  2 black bears
  2 laughing skulls (D:13)
  4 centaurs
  3 phantoms
  3 kobold brigands
  An elf zombie (Ossuary)
  5 bullfrogs
  A scorpion (D:6)
  A gnoll sergeant (D:6)
  6 killer bees
  5 howler monkeys
  4 human zombies (Ossuary)
  4 hounds
  14 orc priests
  2 bombardier beetles
  2 gnoll boudas
  4 jellies
  Terence (D:2)
  5 iguanas
  2 sleepcaps
  14 orc wizards
  7 hound zombies (Ossuary)
  2 mummies (Ossuary)
  21 gnolls
  An adder (D:2)
  3 white imps
  3 adder zombies (Ossuary)
  2 dart slugs
  4 ribbon worms
  53 orcs
  7 bats
  8 endoplasms
  3 giant cockroaches
  8 gnoll zombies (Ossuary)
  9 goblins
  6 hobgoblins
  12 jackals
  26 kobolds
  7 ball pythons
  A frilled lizard (D:1)
  9 jackal zombies (Ossuary)
  4 kobold zombies (Ossuary)
  14 rats
391 creatures vanquished.

Notes
Turn   | Place    | Note
-------+----------+-------------------------------------------
     0 | D:1      | gohu the Minotaur Fighter began the quest for the Orb.
     0 | D:1      | Reached XP level 1. HP: 19/19 MP: 0/0
   138 | D:1      | Reached XP level 2. HP: 21/27 MP: 1/1
   232 | D:1      | Reached skill level 3 in Axes
   711 | D:2      | Reached XP level 3. HP: 32/33 MP: 2/2
   913 | D:2      | Found a sparkling altar of Nemelex Xobeh.
  1168 | D:2      | Noticed Terence
  1179 | D:2      | Killed Terence
  1180 | D:2      | Reached skill level 4 in Axes
  1180 | D:2      | Reached XP level 4. HP: 33/40 MP: 3/3
  1769 | D:3      | Reached XP level 5. HP: 37/47 MP: 4/4
  1841 | D:3      | Found a faded altar of an unknown god.
  2118 | D:3      | Found the +5 woodcutter's axe
  2906 | D:4      | Noticed a black bear
  2910 | D:4      | Killed a black bear
  2911 | D:4      | Reached skill level 5 in Fighting
  2911 | D:4      | Reached skill level 5 in Armour
  2911 | D:4      | Reached skill level 5 in Shields
  2911 | D:4      | Reached XP level 6. HP: 47/56 MP: 5/5
  3422 | D:4      | Reached XP level 7. HP: 63/63 MP: 6/6
  4036 | D:5      | Entered Level 5 of the Dungeon
  4036 | D:5      | Noticed Edmund
  4037 | D:5      | Noticed Prince Ribbit
  4049 | D:5      | Killed Edmund
  4050 | D:5      | Reached skill level 5 in Axes
  4052 | D:5      | Killed Prince Ribbit
  4059 | D:5      | Reached skill level 6 in Axes
  4070 | D:5      | Found a sand-covered staircase.
  4109 | D:5      | Reached XP level 8. HP: 48/73 MP: 7/7
  4128 | Ossuary  | Entered an ossuary
  4463 | Ossuary  | Reached skill level 7 in Axes
  4647 | D:5      | Noticed Sigmund
  4704 | D:5      | Killed Sigmund
  4705 | D:5      | Reached skill level 8 in Axes
  4861 | D:5      | You fall into a shaft and drop 3 floors!
  4993 | D:7      | Noticed Jeremiah
  5459 | D:8      | Noticed Psyche
  5471 | D:8      | Killed Psyche
  5472 | D:8      | Reached skill level 9 in Axes
  5472 | D:8      | Reached XP level 9. HP: 61/81 MP: 6/8
  5564 | D:8      | Noticed Maurice
  5623 | D:6      | Found a white marble altar of Elyvilon.
  5634 | D:6      | Noticed Eustachio
  5677 | D:6      | Killed Eustachio
  5704 | D:6      | Found a staircase to the Ecumenical Temple.
  5715 | Temple   | Entered the Ecumenical Temple
  5750 | Temple   | Became a worshipper of Warmaster Okawaru
  5923 | D:5      | Found a sparkling altar of Nemelex Xobeh.
  5939 | D:5      | Found a shimmering altar of Xom.
  6032 | D:5      | Found a snail-covered altar of Cheibriados.
  6501 | D:6      | Reached skill level 10 in Axes
  6903 | D:6      | Found an ancient bone altar of Kikubaaqudgha.
  6991 | D:6      | Reached * piety under Okawaru
  7124 | D:6      | Found an ornate altar of the Wu Jian Council.
  7220 | D:7      | Found a hazy altar of Hepliaklqana.
  7378 | D:7      | Found Wumasent's Antique Armour Emporium.
  7402 | D:7      | Killed Jeremiah
  7403 | D:7      | Reached skill level 11 in Axes
  7460 | D:7      | Bought a glowing cloak for 217 gold pieces
  7573 | D:7      | Reached XP level 10. HP: 93/93 MP: 9/9
  7573 | D:7      | Found a shadowy altar of Dithmenos.
  8024 | D:8      | Killed Maurice
  8078 | D:8      | Reached skill level 10 in Fighting
  8210 | D:8      | Reached skill level 1 in Invocations
  8246 | D:8      | Reached skill level 1 in Throwing
  8246 | D:8      | Reached skill level 10 in Armour
  8331 | D:8      | Reached ** piety under Okawaru
  8613 | D:8      | Noticed Maggie
  8632 | D:8      | Killed Maggie
  8902 | D:9      | Reached skill level 12 in Axes
  9212 | D:9      | Reached *** piety under Okawaru
  9310 | D:9      | Found a staircase to the Lair.
  9526 | D:9      | Found a stormy altar of Qazlal.
  9696 | D:9      | Identified the +2 robe of Fashionability {Fly rElec Int+4}
 10156 | D:10     | Entered Level 10 of the Dungeon
 10177 | D:10     | Noticed a two-headed ogre
 10185 | D:10     | Killed a two-headed ogre
 10185 | D:10     | Reached **** piety under Okawaru
 10186 | D:10     | Reached XP level 11. HP: 101/101 MP: 9/12
 10247 | D:10     | Identified the +0 scale mail of Bucoch {rElec}
 10257 | D:10     | Reached skill level 13 in Axes
 10293 | D:10     | Found Vouhie's Weapon Boutique.
 10667 | D:10     | Reached ***** piety under Okawaru
 10918 | D:10     | Noticed a two-headed ogre
 10937 | D:10     | Killed a two-headed ogre
 11171 | D:10     | Found a burning altar of Makhleb.
 11362 | D:11     | Found a transporter.
 11363 | D:11     | Noticed a centaur warrior
 11365 | D:11     | Noticed a deep elf knight
 11367 | D:11     | Found a transporter.
 11367 | D:11     | Noticed Picsou's ghost (journeyman MiFi)
 11385 | D:11     | Noticed a two-headed ogre
 11636 | D:11     | Found a staircase to the Orcish Mines.
 11661 | D:11     | Killed a two-headed ogre
 11742 | D:11     | Received a gift from Okawaru
 11743 | D:11     | Reached skill level 14 in Axes
 12400 | D:12     | Reached skill level 5 in Throwing
 12429 | D:12     | Noticed a deep elf pyromancer
 12432 | D:12     | Killed a deep elf pyromancer
 12433 | D:12     | Reached skill level 5 in Invocations
 12780 | D:12     | Reached XP level 12. HP: 62/112 MP: 8/14
 13172 | D:12     | Found Owaus's Book Shoppe.
 13689 | D:13     | Found Cauty's Antique Armour Shop.
 13849 | D:13     | Received a gift from Okawaru
 14054 | D:13     | Noticed a boulder beetle
 14074 | D:13     | Killed a boulder beetle
 14239 | D:13     | Noticed a yaktaur captain
 14502 | Lair:1   | Entered Level 1 of the Lair of Beasts
 14512 | Lair:1   | Reached skill level 15 in Axes
 15639 | Lair:1   | Received a gift from Okawaru
 15871 | Lair:2   | Noticed a boulder beetle
 15906 | Lair:2   | HP: 1/113 [meliai/+1 heavy war axe (11)]
 15908 | Lair:2   | Slain by a meliai

Illustrated notes

Levels and vault maps discovered:
D:1:      dpeg_arrival_subterranean_lakeside_camping, layout_rooms
D:2:      minmay_spotlight, layout_loops_corners, basic_altar,
          minmay_rat_gold_closets, uniq_terence
D:3:      minmay_door_path, layout_basic, ebering_ecumenical_altar_webs
D:4:      wad_lake_hut, layout_loops_ring, serial_co_window_serial,
          co_window_corner_a, co_window_paths_a, co_window_of_opportunity_a,
          co_window_of_opportunity_a, co_window_paths_a, co_window_corner_cb,
          co_window_of_opportunity_b, co_window_2corner, co_window_4corner_b,
          glass_columns_a, glass_columns_a, glass_columns_a, glass_columns_a
D:5:      layout_rooms, marbit_many_paths, mainiacjoe_overflow_swirl,
          serial_curves, eino_curves_04, eino_curves_01,
          nicolae_ossuary_entry_ruins, skrybe_limestone_x,
          serial_library_hellmonk_double_dead_end, uniq_edmund,
          uniq_prince_ribbit1, uniq_sigmund
D:6:      layout_basic, general_overflow_altar, mainiacjoe_overflow_alcove_1,
          mainiacjoe_overflow_alcove_4, minmay_temple_entry_slanted,
          uniq_eustachio
D:7:      layout_gridville, grunt_dithmenos_shadows,
          mainiacjoe_overflow_small_starburst, serial_shops, shop, uniq_jeremiah
D:8:      layout_loops_corners, uniq_maurice, uniq_psyche, uniq_maggie
D:9:      layout_irregular_city, nicolae_qazlal_scattered_showers,
          lair_entry_dummy, kennysheep_generic_room_10
D:10:     layout_stronghold, lightli_temple_of_fire, serial_shops,
          nicolae_shop_trees
D:11:     layout_long_grid, orc_0_dummy, gammafunk_ghost_arena
D:12:     layout_basic, serial_shops, shop, chequers_decorated_corner
D:13:     layout_layer_cave, david_vaults_2, serial_shops, shop
Temple:   minmay_temple_forest_path
Lair:1:   minmay_lair_oklob_chamber, layout_gridlike, grunt_megastairs_2
Lair:2:   layout_gridlike, hellmonk_spider_entry_not_the_bees

Skill      XL: |  1  2  3  4  5  6  7  8  9 10 11 12 |
---------------+-------------------------------------+-----
Axes           | 3 4 6 9 11 12 14 15 | 15.7
Shields        | 4 5 |  5.0
Fighting       | 4 5 6 7 8 9 10 11 12 | 12.6
Armour         | 4 5 6 7 8 9 10 11 12 | 12.4
Invocations    | 3 5 6 |  6.4
Throwing       | 3 5 6 |  6.5

Action                     |  1- 3 |  4- 6 |  7- 9 | 10-12 || total
---------------------------+-------+-------+-------+-------++-------
  Melee: War axe           |   100 |   126 |   397 |   624 ||  1247
         Headbutt          |    13 |    22 |    81 |   151 ||   267
         Unarmed           |       |       |     2 |       ||     2
  Throw: Boomerang         |       |       |     6 |    80 ||    86
 Invoke: Heroism           |       |       |       |     8 ||     8
  Evoke: Wand              |       |       |     4 |     4 ||     8
    Use: Potion            |       |     1 |     1 |     6 ||     8
         Scroll            |       |       |     1 |     7 ||     8
   Stab: Paralysed         |       |       |       |     5 ||     5
 Armour: Scale mail        |    67 |       |       |       ||    67
         Chain mail        |       |    93 |   266 |    12 ||   371
         Plate armour      |       |       |       |   489 ||   489
  Dodge: Dodged            |    50 |    47 |   112 |   165 ||   374
  Block: Buckler           |    16 |    19 |    76 |   132 ||   243
